 Dungeon Crawl Stone Soup version 0.17-a0-649-g87edefa (console) character file.

180 jernau the Skirmisher (level 5, -21/50 HPs)
             Began as a Hill Orc Monk on Apr 17, 2015.
             Was a Believer of Beogh.
             Demolished by an orc warrior
             ... wielding a +0 long sword
              (22 damage)
             ... on level 4 of the Dungeon.
             The game lasted 00:12:21 (3228 turns).

jernau the Skirmisher (Hill Orc Monk)               Turns: 3228, Time: 00:12:22

Health: -21/50     AC:  4    Str: 15    XL:     5   Next: 60%
Magic:  2/5        EV: 19    Int: 10    God:    Beogh [**....]
Gold:   133        SH:  0    Dex: 18    Spells: 0 memorised, 4 levels left

rFire  . . .     SeeInvis +       - Unarmed
rCold  . . .     Clarity  .     e - +0 leather armour
rNeg   . . .     SustAb   .     (no shield)
rPois  .         Gourm    .     (no helmet)
rElec  .         Spirit   .     (no cloak)
rCorr  .         Warding  .     (no gloves)
rMut   .         Stasis   .     a - +0 pair of boots
MR     .....                    (no amulet)
Stlth  +++.......               (no ring)
                                c - ring of see invisible

@: agile, slowed, very slow, not resistant to hostile enchantments, fairly
stealthy
A: no striking features
a: Smiting, Renounce Religion


You were on level 4 of the Dungeon.
You worshipped Beogh.
Beogh was pleased with you.
You were not hungry.

You visited 1 branch of the dungeon, and saw 4 of its levels.

You collected 133 gold pieces.

Inventory:

Armour
 a - a +0 pair of boots (worn)
 e - a +0 leather armour (worn)
Jewellery
 c - a ring of see invisible (left hand)
Magical devices
 f - a wand of flame (20)
Scrolls
 i - a scroll of enchant armour
 j - 3 scrolls of remove curse
 k - a scroll of identify
 n - a scroll of enchant weapon
 o - 2 scrolls of noise {unknown}
Potions
 g - 2 potions of agility
 p - a potion of flight
Comestibles
 b - 7 bread rations
 m - a beef jerky


   Skills:
 + Level 5.7 Fighting
 - Level 4.0 Dodging
 - Level 1.5 Stealth
 - Level 4.3 Unarmed Combat


You had 4 spell levels left.
You didn't know any spells.

Dungeon Overview and Level Annotations

Branches:
Dungeon (4/15)
 Temple: D:4-7

Altars:
Cheibriados
Sif Muna
Yredelemnul
The Shining One

Annotations:
D:3 Terence


Message History

Read which item? (? for menu, Esc to quit)
Okay, then.
Read which item? (? for menu, Esc to quit)
As you read the scroll labeled UTSAFE GAOLI, it crumbles to dust.
You feel forgetful for a moment.
It was a scroll of amnesia.
The orc wizard hits you with a dagger.
* * * LOW HITPOINT WARNING * * *
The orc warrior completely misses you. The orc wizard barely misses you.
The orc warrior barely misses you.
Read which item? (? for menu, Esc to quit)
As you read the scroll labeled NUC GAPLON, it crumbles to dust.
It is a scroll of enchant weapon.
You aren't carrying any weapons that can be enchanted.
The orc wizard hits you with a dagger.
* * * LOW HITPOINT WARNING * * *
The orc wizard hits you with a dagger.
* * * LOW HITPOINT WARNING * * *
The orc warrior hits you with a long sword!!
You die...
Beogh appreciates the orc warrior's killing of a heretic priest.

##<# #.# #.# #.#
#.# #.# #.#
#.#.##########.#
#.....o@o.(....#
.....############
#


You could see an orc warrior (inner flame) and an orc wizard (inner flame).

Vanquished Creatures
  A giant frog skeleton (D:4)
  2 orc wizards (D:4)
  2 adders
  An ooze (D:2)
  3 worms
  2 orcs (D:3)
  6 bats
  6 giant cockroaches
  6 goblins
  2 hobgoblins
  7 jackals
  6 kobolds
  A quokka (D:2)
  3 giant geckos (D:2)
  5 giant newts
  13 rats
66 creatures vanquished.

Vanquished Creatures (others)
  An orc priest (D:4)
  An orc (D:4)
2 creatures vanquished.

Grand Total: 68 creatures vanquished

Notes
Turn   | Place    | Note
--------------------------------------------------------------
     0 | D:1      | jernau, the Hill Orc Monk, began the quest for the Orb.
     0 | D:1      | Reached XP level 1. HP: 19/19 MP: 1/1
   220 | D:1      | Reached XP level 2. HP: 23/26 MP: 2/2
   611 | D:2      | Found a deep blue altar of Sif Muna.
   748 | D:2      | Reached XP level 3. HP: 16/31 MP: 3/3
  1644 | D:2      | Found a snail-covered altar of Cheibriados.
  1644 | D:2      | Found a basalt altar of Yredelemnul.
  2013 | D:3      | Noticed Terence
  2042 | D:3      | Reached XP level 4. HP: 21/39 MP: 4/4
  2370 | D:3      | Found a glowing golden altar of the Shining One.
  2933 | D:4      | Became a worshipper of Beogh the Brigand
  2933 | D:4      | Acquired Beogh's first power
  2933 | D:4      | Acquired Beogh's second power
  3125 | D:4      | Reached XP level 5. HP: 34/47 MP: 5/5
  3172 | D:4      | Reached skill level 5 in Fighting
  3206 | D:4      | Noticed an orc warrior
  3226 | D:4      | Beogh protects you from harm!
  3228 | D:4      | HP: 1/50 [orc wizard/dagger (2)]
  3228 | D:4      | Demolished by an orc warrior

Action                   |  1- 3 |  4- 6 || total
-------------------------+-------+-------++-------
Melee: Unarmed           |   179 |   107 ||   286
Invok: Convert to Beogh  |       |     1 ||     1
       Smiting           |       |     1 ||     1
Evoke: Wand              |       |     2 ||     2
  Use: Scroll            |     5 |     3 ||     8
       Potion            |     4 |     1 ||     5
 Stab: Sleeping          |     3 |     1 ||     4
  Eat: Chunk             |     2 |     2 ||     4
       Beef jerky        |     1 |     1 ||     2
       Fruit             |     1 |       ||     1
